 Dungeon Crawl Stone Soup version 0.32-a0-616-g9348d4545b (webtiles) character file.

Game seed: 14094162400869834856

17304 jlumianski the Cleaver (level 12, -1/83 HPs)
             Began as a Coglin Gladiator on Mar 6, 2024.
             Was a High Priest of Wu Jian.
             Slain by a skyshark (5 damage)
             ... on level 2 of the Lair of Beasts.
             The game lasted 01:30:29 (13996 turns).

jlumianski the Cleaver (Coglin Gladiator)          Turns: 13996, Time: 01:30:30

Health: -1/83      AC: 22    Str: 18    XL:     12   Next: 46%
Magic:  21/21      EV:  7    Int: 10    God:    Wu Jian [*****.]
Gold:   968        SH:  0    Dex: 15    Spells: 22/23 levels left

rFire   . . .        P - +2 broad axe {Tertia}
rCold   . . .        n - +4 rapier (elec) {Zolin}
rNeg    . . .        U - +2 plate armour {Will+}
rPois   .            c - +0 helmet
rElec   .            a - +2 cloak {rCorr}
rCorr   +            (no gloves)
SInv    .            B - +1 pair of boots
Will    +....        (amulet unavailable) Stlth
                     (ring unavailable)
HPRegen 0.33/turn    (ring unavailable)
MPRegen 0.17/turn    (no gizmo)

%: no passive effects
@: revved
A: off-hand wielding, slow wielding, warmup strikes, no jewellery, iridescent
scales 1, frail 1
a: Invent Gizmo, Renounce Religion, Wall Jump, Serpent's Lash, Heavenly Storm


You were on level 2 of the Lair of Beasts.
You worshipped Wu Jian.
Wu Jian was extremely pleased with you.
You visited 4 branches of the dungeon, and saw 17 of its levels.
You also visited: Sewer and Bailey.

You collected 968 gold pieces.

Inventory:

Hand Weapons
 n - a +4 rapier of electrocution (offhand) {Zolin}
 r - a +4 rapier of protection {Zorawar}
 P - a +2 broad axe (weapon) {Tertia}
Missiles
 d - a throwing net (quivered)
 e - a javelin
 f - 2 curare-tipped darts
 D - 45 poisoned darts
 G - 13 boomerangs
 L - 6 datura-tipped darts
Armour
 a - a +2 cloak of preservation (worn)
 c - a +0 helmet (worn)
 B - a +1 pair of boots (worn)
 M - a +0 cloak
 U - a +2 plate armour of willpower (worn)
Wands
 A - a wand of warping (7)
 I - a wand of paralysis (34)
 N - a wand of mindburst (3)
 Y - a wand of acid (2)
Scrolls
 j - a scroll of butterflies
 p - 2 scrolls of fear
 q - 5 scrolls of teleportation
 w - 2 scrolls of poison
 Z - a scroll of blinking
Potions
 g - 2 potions of heal wounds
 h - 3 potions of attraction
 i - a potion of might
 l - a potion of invisibility
 u - 2 potions of enlightenment
 v - 3 potions of cancellation
 H - a potion of berserk rage
 J - 4 potions of curing
 K - a potion of lignification {unknown}
 R - a potion of ambrosia {unknown}
 V - a potion of haste {unknown}
 W - a potion of brilliance {unknown}


   Skills:
 + Level 8.2 Fighting
 + Level 7.2 Short Blades
 + Level 11.3 Axes
 + Level 3.1 Throwing
 + Level 5.0 Armour
 + Level 5.6 Dodging
 + Level 3.6 Stealth
 - Level 6.2 Spellcasting
 + Level 0.6 Alchemy
 * Level 5.2 Evocations


You had 22 spell levels left.
You knew the following spells:

 Your Spells              Type           Power      Damage    Failure   Level
a - Sting                 Conj/Alch      12%        1d3       99%         1

Your spell library contained the following spells:

 Spells                   Type           Power      Damage    Failure   Level
 Magic Dart               Conj           12%        1d3       100%        1
 Blink                    Tloc           6%         N/A       100%        2
 Call Imp                 Summ           6%         N/A       100%        2
 Mercury Vapours          Alch/Air       6%         N/A       100%        2
 Fugue of the Fallen      Necr           3%         N/A       100%        3
 Ozocubu's Armour         Ice            3%         N/A       100%        3
 Stone Arrow              Conj/Erth      6%         3d7       100%        3
 Animate Armour           Summ/Erth      6%         N/A       100%        4
 Manifold Assault         Tloc           3%         N/A       100%        4
 Olgreb's Toxic Radiance  Alch           4%         N/A       100%        4
 Lehudib's Crystal Spear  Conj/Erth      1%         10d2      100%        8


Dungeon Overview and Level Annotations

Branches:
Dungeon (12/15)            Temple (1/1) D:4            Lair (2/5) D:11
    Orc (2/2) D:9           Sewer (visited)          Bailey (visited)
  Swamp: Lair:2-3    Shoals: Lair:2-3     Snake: Lair:2-3    Spider: Lair:2-3
    Elf: Orc:2

Altars:
Ashenzari
Cheibriados
Dithmenos
Elyvilon
Fedhas
Gozag
Hepliaklqana
Kikubaaqudgha
Makhleb
Okawaru
Qazlal
Sif Muna
Trog
Uskayaw
Vehumet
Wu Jian
Yredelemnul
Zin

Shops:
D:10 =[

Annotations:
Lair:1 3 runed translucent doors, Aldia's ghost, journeyman MDRe
Orc:2 Nessos


Innate Abilities, Weirdness & Mutations

You can wield a second weapon in your off-hand.
It takes a long time for you to wield or remove held weapons.
Your first few attacks do less damage.
You cannot equip rings or amulets.
You are partially covered in iridescent scales. (AC +2)
You are frail. (-10% HP)


Message History

You hit the skyshark with your +4 rapier of electrocution.
Lightning courses through the skyshark!
The skyshark is severely wounded.
You hit the skyshark with your +2 broad axe.
The skyshark bites you! The skyshark tail-slaps you. x2
The skyshark closely misses you.
The skyshark tail-slaps you but does no damage. x2
Aiming: Wall Jump
Press: ? - help, Dir - move target You repeatedly attack the skyshark from above.
You barely miss the skyshark with your +2 broad axe.
The skyshark is severely wounded.
You hit the skyshark but do no damage. Lightning courses through the skyshark!
You puncture the skyshark with your +4 rapier of electrocution!
The skyshark is severely wounded.
You barely miss the skyshark with your +2 broad axe.
The skyshark bites you. The skyshark barely misses you.
The skyshark completely misses you. The skyshark bites you!
The skyshark tail-slaps you but does no damage. x2
The skyshark bites you but does no damage.
The skyshark barely misses you. The skyshark tail-slaps you.
* * * LOW HITPOINT WARNING * * *
You hit the skyshark with your +2 broad axe.
The skyshark is almost dead.
You hit the skyshark but do no damage. The skyshark closely misses you.
The skyshark tail-slaps you!
* * * LOW HITPOINT WARNING * * *
The skyshark completely misses you.
You spin and attack the skyshark.
You barely miss the skyshark with your +2 broad axe.
The skyshark is almost dead.
You barely miss the skyshark with your +4 rapier of electrocution.
The skyshark bites you.
* * * LOW HITPOINT WARNING * * *
The skyshark tail-slaps you but does no damage.
The skyshark tail-slaps you!
* * * LOW HITPOINT WARNING * * *
The skyshark bites you but does no damage.
The skyshark tail-slaps you.
You die...

... ... ....
..... ## #.....
##P#####P.....
P
#......PP.....
#.#..°F@.......
#.....°.....#.
#...°.......#
#.............
#..............
##.............
##............
#............
###.....##..


You could see a skyshark (berserk).

Vanquished Creatures
  A two-headed ogre (D:9)
  A skeletal warrior (D:11)
  Pikel (D:5)
  An orc knight (Bailey)
  A deep elf pyromancer (Bailey)
  A cane toad (D:11)
  A gargoyle (D:10)
  Maggie (D:10)
  A kobold demonologist (D:10)
  4 komodo dragons
  2 trolls (D:10)
  27 yaks
  Sigmund (D:3)
  A wraith (D:9)
  2 wyverns
  3 steam dragons
  2 wargs
  An acid dragon (D:10)
  3 water moccasins
  4 ice beasts
  13 orc warriors
  A swamp drake (D:9)
  5 sky beasts
  4 black bears
  2 ogres
  11 centaurs
  2 wolves (D:11)
  2 lemures (D:5)
  2 phantoms
  2 brain worms (Sewer)
  7 kobold brigands
  4 bullfrogs
  2 gnoll sergeants
  3 scorpions
  3 wights (D:7)
  A killer bee (D:8)
  2 electric eels (D:7)
  A howler monkey (D:5)
  2 jellies
  4 hounds
  5 orc priests
  Crazy Yiuf (D:4)
  A sleepcap (D:7)
  3 iguanas
  23 orc wizards
  9 gnolls
  10 adders
  7 river rats
  A shadow imp (D:5)
  A white imp (D:8)
  2 dart slugs
  4 ribbon worms
  65 orcs
  4 endoplasms
  5 giant cockroaches
  8 goblins
  4 hobgoblins
  2 jackals
  10 ball pythons
  5 bats
  9 frilled lizards
  26 kobolds
  10 rats
347 creatures vanquished.

Notes
Turn   | Place    | Note
-------+----------+-------------------------------------------
     0 | D:1      | jlumianski the Coglin Gladiator began the quest for the
                  | Orb.
     0 | D:1      | Reached XP level 1. HP: 16/16 MP: 1/1
   153 | D:3      | Noticed Sigmund
   165 | D:3      | Reached XP level 2. HP: 12/22 MP: 2/2
   221 | D:3      | Found a glowing drain.
   229 | D:3      | Reached XP level 3. HP: 14/28 MP: 3/3
   235 | Sewer    | Entered a sewer
   312 | Sewer    | Noticed a brain worm
   335 | Sewer    | Killed a brain worm
   336 | Sewer    | Reached XP level 4. HP: 29/34 MP: 4/4
   389 | Sewer    | Reached skill level 4 in Axes
   439 | Sewer    | Reached XP level 5. HP: 39/40 MP: 5/5
   480 | Sewer    | Reached skill level 1 in Stealth
   488 | Sewer    | Reached skill level 1 in Armour
   541 | Sewer    | Reached XP level 6. HP: 32/47 MP: 4/6
   883 | D:3      | Killed Sigmund
   884 | D:3      | Reached skill level 1 in Short Blades
   989 | D:2      | Reached skill level 5 in Axes
  1750 | D:2      | Reached XP level 7. HP: 52/52 MP: 7/7
  1912 | D:2      | Found a faded altar of an unknown god.
  2020 | D:2      | Gained mutation: You are partially covered in iridescent
                  | scales. (AC +2) [potion of mutation]
  2020 | D:2      | Gained mutation: You are frail. (-10% HP) [potion of
                  | mutation]
  2158 | D:3      | HP: 2/46 [orc/+2 heavy trident (13)]
  2598 | D:3      | Reached skill level 1 in Spellcasting
  3117 | D:4      | Reached XP level 8. HP: 29/54 MP: 10/10
  3304 | D:4      | Found a staircase to the Ecumenical Temple.
  3319 | Temple   | Entered the Ecumenical Temple
  3332 | Temple   | Became a worshipper of the Wu Jian Council
  3358 | D:5      | Entered Level 5 of the Dungeon
  3369 | D:4      | Reached skill level 6 in Axes
  3833 | D:4      | Found a runed translucent door.
  3834 | D:4      | Noticed Crazy Yiuf
  4152 | D:4      | Killed Crazy Yiuf
  4363 | D:5      | Noticed Pikel
  4415 | D:5      | Killed Pikel
  4416 | D:5      | Reached skill level 7 in Axes
  4452 | D:5      | Reached XP level 9. HP: 58/59 MP: 13/13
  4614 | D:5      | Identified a scroll of acquirement
  4614 | D:5      | Acquired a +4 rapier of protection
  5107 | D:5      | Reached * piety under Wu Jian
  5122 | D:5      | Reached skill level 8 in Axes
  5125 | D:5      | Reached skill level 5 in Fighting
  6564 | D:6      | Found a snail-covered altar of Cheibriados.
  6571 | D:6      | Found a bloodstained altar of Trog.
  6869 | D:8      | Reached ** piety under Wu Jian
  6870 | D:8      | Reached XP level 10. HP: 58/66 MP: 16/16
  6918 | D:8      | Learned a level 1 spell: Sting
  6997 | D:8      | Found a flagged portal.
  7004 | Bailey   | Entered a bailey
  7264 | Bailey   | Noticed an orc knight
  7289 | Bailey   | Killed an orc knight
  7290 | Bailey   | Reached skill level 5 in Short Blades
  7290 | Bailey   | Reached skill level 9 in Axes
  7290 | Bailey   | Reached skill level 5 in Dodging
  7465 | Bailey   | Found a large runed translucent door.
  7465 | Bailey   | Found a large runed translucent door.
  7466 | Bailey   | Noticed a deep elf pyromancer
  7529 | Bailey   | Killed a deep elf pyromancer
  7792 | D:7      | HP: 3/68 [electric eel/bolt of electricity (12)]
  8170 | D:7      | Found a broken altar of Ashenzari.
  8510 | D:8      | Reached skill level 5 in Spellcasting
  8589 | D:8      | Noticed a +0 hand axe
  8590 | D:8      | Noticed a +0 dagger
  8593 | D:8      | Found a hide-covered altar of Uskayaw.
  8625 | D:8      | Found an opulent altar of Gozag.
  8634 | D:8      | Found an opulent altar of Gozag.
  8634 | D:8      | Found an opulent altar of Gozag.
  8648 | D:8      | Found an opulent altar of Gozag.
  9101 | D:8      | Reached XP level 11. HP: 74/74 MP: 18/18
 10285 | D:10     | Entered Level 10 of the Dungeon
 10314 | D:9      | Noticed a two-headed ogre
 10321 | D:9      | Killed a two-headed ogre
 10796 | D:9      | Reached *** piety under Wu Jian
 10823 | D:9      | Found a staircase to the Orcish Mines.
 10946 | Orc:1    | Entered Level 1 of the Orcish Mines
 11078 | D:9      | Reached skill level 10 in Axes
 11411 | Orc:2    | Entered Level 2 of the Orcish Mines
 11412 | Orc:2    | Noticed Nessos
 12234 | D:10     | Reached **** piety under Wu Jian
 12461 | D:10     | Found Uxtyckai's Jewellery Boutique.
 12507 | D:10     | Paralysed by a gnoll for 5 turns
 12609 | D:10     | Found Nomedu's Armour Shop.
 12619 | D:10     | Noticed Maggie
 12627 | D:10     | Killed Maggie
 12793 | D:11     | Reached skill level 1 in Evocations
 12811 | D:11     | Found a staircase to the Lair.
 12945 | D:12     | Noticed a skeletal warrior
 12945 | D:12     | Noticed a skeletal warrior
 12945 | D:12     | Noticed a skeletal warrior
 12960 | D:11     | Killed a skeletal warrior
 12961 | D:11     | Reached XP level 12. HP: 45/82 MP: 21/21
 13074 | Lair:1   | Entered Level 1 of the Lair of Beasts
 13443 | Lair:1   | Reached skill level 11 in Axes
 13642 | Lair:1   | Reached skill level 5 in Armour
 13661 | Lair:1   | Found a runed translucent gate.
 13661 | Lair:1   | Found a runed translucent gate.
 13662 | Lair:1   | Found a runed translucent gate.
 13662 | Lair:1   | Noticed Aldia's ghost (journeyman MDRe)
 13730 | Lair:1   | Reached skill level 5 in Evocations
 13882 | Lair:2   | Noticed a skyshark
 13887 | Lair:1   | Reached ***** piety under Wu Jian
 13996 | Lair:2   | HP: 4/83 [skyshark (9)]
 13996 | Lair:2   | Slain by a skyshark

Illustrated notes

Levels and vault maps discovered:
D:1:      kilobyte_arrival_exit_the_forest, layout_loops_cross
D:2:      layout_loops_ring, dreamdust_ecumenical_altar_statues
D:3:      layout_loops_ring, gup_sewer_entry_bubbles,
          minmay_fractal_squares_gapless_5, uniq_sigmund
D:4:      layout_basic, minmay_temple_entry_drinking_statues,
          kennysheep_opposing_triangles, uniq_crazy_yiuf_cottage
D:5:      cheibrodos_barr_body, layout_gridville, uniq_pikel
D:6:      layout_layer_cave, mainiacjoe_overflow_big_doors, serial_bayou_ford_a
D:7:      layout_basic, mainiacjoe_overflow_paths, serial_bayou_lagoon_a
D:8:      layout_basic, nicolae_gozag_conspicuous_consumption,
          dancing_weapons_uskayaw, enter_bailey_3,
          serial_library_hellmonk_small_corner, st_stairs_5
D:9:      layout_gridville, erik_orc_1
D:10:     layout_big_octagon, mainiacjoe_overflow_small_starburst,
          amethyst_overflow_temple_binary, tso_oasis_becter, serial_shops, shop,
          nicolae_shop_hallway_plus, shop, serial_gnoll_camp,
          gnoll_camp_mini_hut, gnoll_camp_mini_shop, gnoll_camp_huts_moat,
          gnoll_camp_mini_shop, gnoll_camp_mini_loothouse,
          kennysheep_small_square, uniq_maggie
D:11:     layout_roguey, erik_lair_orcish_takeover, nicolae_zig_zag_zippers
D:12:     layout_basic, serial_library, serial_library_regret_index_split_case,
          serial_library_hellmonk_u_bend, serial_library_hellmonk_secret_room,
          serial_library_hellmonk_hallway_b,
          serial_library_regret_index_double_sided,
          serial_library_hellmonk_narrow_alcove, serial_library_hellmonk_h_bend,
          serial_library_hellmonk_filled_rooms,
          serial_library_hellmonk_open_cross,
          serial_library_hellmonk_layered_room
Temple:   dshaligram_water_room_temple
Lair:1:   layout_small_grid, gammafunk_ghost_split, lemuel_fruit_fields,
          lemuel_fruit_tree, uniq_sonja
Lair:2:   gammafunk_cloud_chamber, layout_gridlike, spider_nest_entry_webs,
          minivault_11, serial_bayou_shore_a, infiniplex_staircase_pool_2
Orc:1:    layout_caves, serial_shops, nicolae_shop_behind_doors, mines1_david
Orc:2:    pf_orc_diabolical, layout_caves, uniq_erolcha, uniq_nessos

Skill      XL: |  1  2  3  4  5  6  7  8  9 10 11 12 |
---------------+-------------------------------------+-----
Throwing       | 2 3 |  3.1
Dodging        | 3 4 5 |  5.6
Axes           | 4 5 7 8 9 10 11 | 11.3
Fighting       | 3 4 5 6 7 8 |  8.2
Stealth        | 1 2 3 |  3.6
Armour         | 1 2 3 4 5 |  5.0
Short Blades   | 1 2 4 5 6 7 |  7.2
Spellcasting   | 1 2 4 5 6 |  6.2
Evocations     | 2 5 |  5.2
Alchemy        | |  0.6

Action                     |  1- 3 |  4- 6 |  7- 9 | 10-12 || total
---------------------------+-------+-------+-------+-------++-------
  Melee: Dagger            |    33 |   103 |   200 |       ||   336
         War axe           |    30 |   105 |   210 |       ||   345
         Broad axe         |       |       |   109 |   497 ||   606
         Rapier            |       |       |   104 |   490 ||   594
  Throw: Throwing net      |     1 |       |       |     2 ||     3
         Dart              |       |       |     3 |     9 ||    12
   Cast: Sting             |       |       |       |     1 ||     1
Ability: Lunge             |       |       |    21 |    52 ||    73
         Whirlwind         |       |       |     5 |    55 ||    60
         Wall Jump         |       |       |       |    41 ||    41
  Evoke: Wand              |       |       |       |     8 ||     8
    Use: Potion            |       |     3 |     5 |     5 ||    13
         Scroll            |       |     3 |    10 |     9 ||    22
   Stab: Held in net/web   |     1 |       |       |       ||     1
         Sleeping          |       |     3 |     8 |     2 ||    13
         Invisible         |       |     2 |       |       ||     2
         Distracted        |       |       |       |     1 ||     1
         Fleeing           |       |       |       |     1 ||     1
 Armour: Leather armour    |    25 |    48 |   239 |   133 ||   445
         Chain mail        |       |     6 |       |       ||     6
         Plate armour      |       |       |       |   351 ||   351
  Dodge: Dodged            |    19 |    71 |   179 |   220 ||   489

Table legend: (Time is in decaauts)
 A = Elapsed time spent in this place.
 B = Non-inter-level travel time spent in this place.
 C = Inter-level travel time spent in this place.
 D = Time resting spent in this place.
 E = Time spent auto-exploring this place.
 F = Levels seen in this place.
 G = Mean time per level.
                   A        B        C        D        E       F      G
               +--------+--------+--------+--------+--------+-----+--------+
         Total |  14239 |  14074 |    165 |   2188 |   6530 |  19 |  749.4 |
       Dungeon |  11431 |  11266 |    165 |   1271 |   5957 |  12 |  952.6 |
        Temple |     30 |     30 |      0 |      0 |      0 |   1 |   30.0 |
          Lair |    588 |    588 |      0 |     53 |    308 |   2 |  294.0 |
  Orcish Mines |    799 |    799 |      0 |    420 |    179 |   2 |  399.5 |
         Sewer |    648 |    648 |      0 |    128 |     54 |   1 |  648.0 |
        Bailey |    740 |    740 |      0 |    316 |     32 |   1 |  740.0 |
               +--------+--------+--------+--------+--------+-----+--------+

Top non-repeatable levels by time:
     D:9: 1627 daAuts
     D:7: 1485 daAuts
     D:4: 1412 daAuts
     D:6: 1276 daAuts
     D:8: 1140 daAuts
     D:5: 1090 daAuts
     D:3: 1035 daAuts
   Orc:1: 785 daAuts
  Bailey: 740 daAuts
    D:11: 737 daAuts
     D:1: 669 daAuts
   Sewer: 648 daAuts
     D:2: 606 daAuts
  Lair:1: 565 daAuts
    D:10: 346 daAuts
